 Dungeon Crawl Stone Soup version 0.31.0-9-g3a7656b989 (console) character file.

Game seed: 5417648526824875895

450 Ignak the Magician (level 7, -2/51 HPs)
             Began as a Gnoll Hedge Wizard on Feb 5, 2024.
             Was an Initiate of Sif Muna.
             Slain by an orc wizard
             ... wielding a +4 dagger of protection
              (3 damage)
             ... on level 4 of the Dungeon.
             The game lasted 00:13:58 (4862 turns).

Ignak the Magician (Gnoll Hedge Wizard)             Turns: 4862, Time: 00:13:59

Health: -2/51      AC:  2    Str:  9    XL:     7   Next: 4%
Magic:  23/27      EV: 14    Int: 16    God:    Sif Muna [......]
Gold:   65         SH:  0    Dex: 17    Spells: 13/21 levels left

rFire   . . .        i - +1 spear (heavy)
rCold   . . .        (no shield)
rNeg    . . .        b - +0 robe
rPois   .            c - +0 hat
rElec   .            (no cloak)
rCorr   .            (no gloves)
SInv    .            (no boots)
Will    .....        (no amulet)
Stlth   +            l - ring of magical power
HPRegen 0.28/turn    t - +6 ring of dexterity
MPRegen 0.20/turn

%: no passive effects
@: confused
A: fangs 1, strong nose, distributed training
a: Renounce Religion


You were on level 4 of the Dungeon.
You worshipped Sif Muna.
Sif Muna was noncommittal.
You visited 2 branches of the dungeon, and saw 6 of its levels.

You collected 205 gold pieces.
You spent 140 gold pieces at shops.

Inventory:

Hand Weapons
 i - a +1 heavy spear (weapon)
 r - a +1 heavy hand axe
Missiles
 s - a throwing net
 z - 5 poisoned darts (quivered)
Armour
 b - a +0 robe (worn)
 c - a +0 hat (worn)
Jewellery
 l - a ring of magical power (left hand)
 t - a +6 ring of dexterity (right hand)
 B - a ring of see invisible
Wands
 a - a wand of digging (3)
 y - a wand of light (10)
Scrolls
 g - a scroll of teleportation
 h - a scroll of poison
 k - a scroll of amnesia
 n - 3 scrolls of fear
 p - 3 scrolls of vulnerability {unknown}
 u - a scroll of enchant armour {unknown}
 w - a scroll of fog
 x - a scroll of noise {unknown}
Potions
 d - a potion of magic
 e - 2 potions of haste {unknown}
 f - a potion of degeneration {unknown}
 j - a potion of invisibility {unknown}
 m - a potion of cancellation {unknown}
 o - a potion of mutation {unknown}
 q - a potion of curing {unknown}
 A - a potion of attraction {unknown}


   Skills:
 + Level 2.3 Fighting
 + Level 2.3 Short Blades
 + Level 2.3 Long Blades
 + Level 2.3 Axes
 + Level 2.3 Maces & Flails
 + Level 2.3 Polearms
 + Level 2.3 Staves
 + Level 2.3 Ranged Weapons
 + Level 2.3 Throwing
 + Level 2.3 Armour
 + Level 5.1 Dodging
 + Level 4.8 Stealth
 + Level 2.3 Shields
 + Level 2.3 Unarmed Combat
 + Level 7.5 Spellcasting
 + Level 2.9 Conjurations
 + Level 1.9 Hexes
 + Level 2.9 Summonings
 + Level 1.9 Necromancy
 + Level 2.9 Translocations
 + Level 1.9 Fire Magic
 + Level 1.9 Ice Magic
 + Level 1.9 Air Magic
 + Level 1.9 Earth Magic
 + Level 1.9 Alchemy
 + Level 2.5 Invocations
 + Level 2.3 Evocations
 + Level 2.1 Shapeshifting


You had 13 spell levels left.
You knew the following spells:

 Your Spells              Type           Power      Damage    Failure   Level
a - Magic Dart            Conj           60%        1d6       3%          1
b - Blink                 Tloc           30%        N/A       5%          2
d - Mephitic Cloud        Conj/Alch/Air  13%        N/A       14%         3
e - Call Imp              Summ           30%        N/A       5%          2

Your spell library contained the following spells:

 Spells                   Type           Power      Damage    Failure   Level
 Slow                     Hex            48%        N/A       5%          1
 Lesser Beckoning         Tloc           30%        N/A       5%          2
 Momentum Strike          Conj/Tloc      30%        3d8       5%          2
 Cigotuvi's Dreadful Rot  Necr/Alch/Air  24%        N/A       9%          2
 Summon Forest            Summ/Tloc      7%         N/A       69%         5
 Summon Mana Viper        Hex/Summ       13%        N/A       77%         5
 Summon Cactus Giant      Summ           7%         N/A       99%         6


Dungeon Overview and Level Annotations

Branches:
Dungeon (5/15)             Temple (1/1) D:4

Altars:
Ashenzari
Cheibriados
Dithmenos
Elyvilon
Hepliaklqana
Kikubaaqudgha
Makhleb
Nemelex Xobeh
Qazlal
Ru
Sif Muna
Trog
Uskayaw
Vehumet
Xom
Yredelemnul
Zin
The Shining One

Shops:
D:4 *


Innate Abilities, Weirdness & Mutations

You have very sharp teeth.
Your uncanny sense of smell can sniff out nearby items.
Your experience applies equally to all skills.


Message History

* * * LOW HITPOINT WARNING * * *
You climb upwards.
Reactivating autopickup.
There is a stone staircase leading down, spattered with blood here.
Casting: Call Imp (safe; 5% risk of failure)
Confirm with . or Enter, or press ? or * to list all spells.
You blink.
Casting: Blink (safe; 5% risk of failure)
Confirm with . or Enter, or press ? or * to list all spells.
Aiming: Mephitic Cloud (dangerous; 14% risk of failure)
Press: ? - help, Shift-Dir - straight line, f - black bear
Aim: a black bear (moderately wounded, chance to affect: 72%)
The ball explodes into a vile cloud!
The stinking cloud engulfs the black bear.
The black bear is moderately wounded.
The black bear is engulfed in noxious fumes.
The black bear appears confused.
The black bear is engulfed in noxious fumes.
The black bear appears confused.
The black bear completely misses you. The black bear claws you.
* * * LOW HITPOINT WARNING * * *
The black bear closely misses you.
The black bear is engulfed in noxious fumes.
The black bear appears confused.
Really walk into that cloud of noxious fumes?
You are engulfed in noxious fumes.
You choke on the stench!
You are confused.
The black bear is engulfed in noxious fumes.
Something hits you.
* * * LOW HITPOINT WARNING * * *
Deactivating autopickup; reactivate with Ctrl-A.
You hit something. Your bite misses something.
You are engulfed in noxious fumes.
You choke on the stench!
You are more confused.
Something hits you.
* * * LOW HITPOINT WARNING * * *
You are engulfed in noxious fumes.
You feel ready to blink again. Something hits you.
You die...

### ### ### #.# ##.# ##h#
#.####.## #.§# ### ## ##.#..##
#.{## #.###. #...## #○@.# ##...#
####..## ##..>## ##..## ......#
#.....## ##..## ......## #......#
###...## .......####
#....).#####[.....#
..........####.)#....##........##
.............#..#................
......##.................#.#.....
......####........###...####....#


You could see a black bear (confused).

Vanquished Creatures
  A black bear (D:4)
  An ogre (D:4)
  A bombardier beetle (D:4)
  Terence (D:2)
  A sleepcap (D:4)
  2 adders
  2 ufetubi (D:4)
  2 dart slugs
  9 orcs (D:4)
  4 endoplasms
  A giant cockroach (D:3)
  3 hobgoblins
  3 jackals
  5 quokkas
  6 ball pythons
  5 bats
  3 frilled lizards
  4 goblins
  4 kobolds
  4 rats
62 creatures vanquished.

Vanquished Creatures (collateral kills)
  A statue (D:3)
  4 adders
  2 ribbon worms
  4 orcs
  A ball python (D:3)
  A bat (D:1)
  3 endoplasms
  A goblin (D:2)
  A hobgoblin (D:3)
  A jackal (D:4)
  A kobold (D:1)
  2 rats
22 creatures vanquished.

Grand Total: 84 creatures vanquished

Notes
Turn   | Place    | Note
-------+----------+-------------------------------------------
     0 | D:1      | Ignak the Gnoll Hedge Wizard began the quest for the Orb.
     0 | D:1      | Reached XP level 1. HP: 13/13 MP: 8/8
   313 | D:1      | Reached XP level 2. HP: 18/19 MP: 6/10
   425 | D:1      | Learned a level 2 spell: Blink
   428 | D:1      | Learned a level 2 spell: Call Imp
  1089 | D:2      | Noticed Terence
  1134 | D:1      | Reached XP level 3. HP: 13/25 MP: 4/11
  1141 | D:1      | Learned a level 3 spell: Mephitic Cloud
  1353 | D:2      | Reached skill level 1 in Invocations
  1391 | D:2      | Reached skill level 1 in Fighting
  1391 | D:2      | Reached skill level 1 in Short Blades
  1391 | D:2      | Reached skill level 1 in Long Blades
  1391 | D:2      | Reached skill level 1 in Axes
  1391 | D:2      | Reached skill level 1 in Maces & Flails
  1391 | D:2      | Reached skill level 1 in Polearms
  1391 | D:2      | Reached skill level 1 in Staves
  1391 | D:2      | Reached skill level 1 in Ranged Weapons
  1391 | D:2      | Reached skill level 1 in Throwing
  1391 | D:2      | Reached skill level 1 in Armour
  1391 | D:2      | Reached skill level 1 in Shields
  1391 | D:2      | Reached skill level 1 in Unarmed Combat
  1391 | D:2      | Reached skill level 1 in Evocations
  1647 | D:2      | Killed Terence
  1648 | D:2      | Reached skill level 1 in Hexes
  1648 | D:2      | Reached skill level 1 in Necromancy
  1648 | D:2      | Reached skill level 1 in Fire Magic
  1648 | D:2      | Reached skill level 1 in Ice Magic
  1648 | D:2      | Reached skill level 1 in Air Magic
  1648 | D:2      | Reached skill level 1 in Earth Magic
  1648 | D:2      | Reached skill level 1 in Alchemy
  1648 | D:2      | Reached skill level 1 in Shapeshifting
  1648 | D:2      | Reached XP level 4. HP: 17/32 MP: 3/13
  1918 | D:3      | Found a hazy altar of Hepliaklqana.
  2097 | D:3      | Found a glowing silver altar of Zin.
  2435 | D:3      | Found a faded altar of an unknown god.
  2458 | D:3      | Reached XP level 5. HP: 25/37 MP: 14/14
  2592 | D:3      | Found a glowing golden altar of the Shining One.
  2622 | D:3      | Found a radiant altar of Vehumet.
  2624 | D:3      | Noticed a charred statue
  2647 | D:3      | Killed a charred statue
  2839 | D:4      | Found Nimios's Assorted Antiques.
  2877 | D:4      | Noticed an ogre
  2891 | D:4      | Killed an ogre
  2892 | D:4      | Reached XP level 6. HP: 44/44 MP: 16/16
  3146 | D:4      | Reached skill level 5 in Dodging
  3218 | D:4      | Found a staircase to the Ecumenical Temple.
  3234 | Temple   | Entered the Ecumenical Temple
  3248 | Temple   | Became a worshipper of Sif Muna the Loreminder
  3566 | D:4      | Found a bloodstained altar of Trog.
  3979 | D:4      | Noticed an ice beast
  4139 | D:4      | Bought a smoking bronze amulet for 140 gold pieces
  4139 | D:4      | Identified the amulet of Duotumof {Spirit Rampage ^Drain
                  | rC+ Int+3} (You bought it in a shop on level 4 of the
                  | Dungeon)
  4175 | D:5      | Entered Level 5 of the Dungeon
  4175 | D:5      | Noticed a black bear
  4217 | D:4      | Killed a black bear
  4494 | D:4      | HP: 2/44 [ufetubus (4)]
  4724 | D:4      | Reached XP level 7. HP: 38/50 MP: 18/18
  4861 | D:4      | HP: 1/51 [something (6)]
  4862 | D:4      | Slain by an orc wizard

Illustrated notes

Levels and vault maps discovered:
D:1:      amcnicky_arrival_blooded_trapdoor, layout_basic,
          hangedman_decor_lopped
D:2:      layout_rooms, uniq_terence
D:3:      layout_rooms, lemuel_tele_altar, zin_treasury, vehumet_statue,
          tso_oasis_becter, nicolae_ecumenical_snake_handling,
          minmay_misc_feat_rugged, dreamdust_princess_bridge
D:4:      layout_layer_cave, trog_three_pillars_becter,
          minmay_temple_entry_stoned_glass, skrybe_limestone_x,
          minmay_shop_grid_forest
D:5:      layout_rooms, mainiacjoe_overflow_alcove_1
Temple:   nicolae_temple_figure_eight

Skill      XL: |  1  2  3  4  5  6 |
---------------+-------------------+-----
Conjurations   | 2 |  2.9
Summonings     | 2 |  2.9
Translocations | 2 |  2.9
Invocations    | 1 2 |  2.5
Fighting       | 1 2 |  2.3
Short Blades   | 1 2 |  2.3
Long Blades    | 1 2 |  2.3
Axes           | 1 2 |  2.3
Maces & Flails | 1 2 |  2.3
Polearms       | 1 2 |  2.3
Staves         | 1 2 |  2.3
Ranged Weapons | 1 2 |  2.3
Throwing       | 1 2 |  2.3
Armour         | 1 2 |  2.3
Shields        | 1 2 |  2.3
Unarmed Combat | 1 2 |  2.3
Evocations     | 1 2 |  2.3
Hexes          | 1 |  1.9
Necromancy     | 1 |  1.9
Fire Magic     | 1 |  1.9
Ice Magic      | 1 |  1.9
Air Magic      | 1 |  1.9
Earth Magic    | 1 |  1.9
Alchemy        | 1 |  1.9
Shapeshifting  | 1 2 |  2.1
Dodging        | 5 |  5.1
Stealth        | |  4.8
Spellcasting   | |  7.5

Action                     |  1- 3 |  4- 6 |  7- 9 || total
---------------------------+-------+-------+-------++-------
  Melee: Dagger            |    20 |       |       ||    20
         Bite              |     5 |    15 |       ||    20
         Spear             |    35 |   142 |     5 ||   182
         Punch             |     1 |     2 |       ||     3
   Cast: Magic Dart        |    27 |     3 |       ||    30
         Call Imp          |    12 |    24 |     2 ||    38
         Blink             |     4 |     8 |     2 ||    14
         Mephitic Cloud    |     1 |     3 |     2 ||     6
  Evoke: Wand              |       |     1 |       ||     1
    Use: Scroll            |       |     7 |       ||     7
         Potion            |       |     2 |       ||     2
   Stab: Sleeping          |     3 |     4 |       ||     7
         Confused          |     1 |     1 |     2 ||     4
         Distracted        |       |     3 |       ||     3
 Armour: Robe              |    37 |   104 |    19 ||   160
  Dodge: Dodged            |    57 |   144 |    13 ||   214
